 Dungeon Crawl Stone Soup version 0.17-a0-1946-gfb768fe (webtiles) character file.

34628 HungrySpirit the Swashbuckler (level 13, -1/103 HPs)
             Began as a Vampire Skald on Oct 2, 2015.
             Was the Champion of Okawaru.
             Slain by a minotaur
             ... wielding a +1 short sword of holy wrath
              (25 damage)
             ... in a labyrinth.
             The game lasted 00:52:43 (16967 turns).

HungrySpirit the Swashbuckler (Vampire Skald)      Turns: 16967, Time: 00:52:43

Health: -1/103     AC: 21    Str: 11    XL:     13   Next: 43%
Magic:  16/16      EV: 21    Int: 18    God:    Okawaru [******]
Gold:   540        SH:  0    Dex: 18    Spells: 3 memorised, 10 levels left

rFire  . . .     SeeInvis +     K - +1 rapier (elec)
rCold  . . .     Clarity  .     C - +4 robe of Apathy {MR+ Int+3}
rNeg   + + +     SustAt   .     (no shield)
rPois  .         Gourm    .     l - +1 hat
rElec  .         Spirit   .     L - +2 cloak of the Lost Path {*Drain rN++ rCorr}
rCorr  +         Warding  .     b - +3 pair of gauntlets of War {Slay+5}
rMut   .         Stasis   .     o - +0 pair of boots
MR     ++...                    M - amulet of faith
Stlth  +++++++...               N - +3 ring of slaying
                                f - +6 ring of protection

@: very resistant to hostile enchantments, extremely stealthy
A: fangs 3, see invisible, unbreathing
a: Bat Form, Heroism, Finesse, Renounce Religion


You were in a labyrinth.
You worshipped Okawaru.
Okawaru was exalted by your worship.
You were not thirsty.

You visited 3 branches of the dungeon, and saw 20 of its levels.
You also visited: Labyrinth and Ossuary.

You collected 2100 gold pieces.
You spent 1560 gold pieces at shops.

Inventory:

Hand weapons
 g - a +2 short sword of electrocution
 K - a +1 rapier of electrocution (weapon)
Armour
 b - the +3 pair of gauntlets of War (worn) {Slay+5}
   (You acquired it on level 4 of the Orcish Mines)

   It affects your accuracy and damage with ranged weapons and melee attacks
   (+5).
 l - a +1 hat (worn)
 o - a +0 pair of boots (worn)
 C - the +4 robe of Apathy (worn) {MR+ Int+3}
   (You found it on level 5 of the Dungeon)

   It affects your intelligence (+3).
   It affects your resistance to hostile enchantments.
 I - the +2 pair of gloves "Zovin" {-Cast rElec rF+ Dex+3}
   (You bought it in a shop on level 4 of the Orcish Mines)

   It affects your dexterity (+3).
   It protects you from fire.
   It insulates you from electricity.
   It prevents spellcasting.
 L - the +2 cloak of the Lost Path (worn) {*Drain rN++ rCorr}
   (Okawaru gifted it to you on level 11 of the Dungeon)

   It greatly protects you from negative energy.
   It protects you from acid and corrosion.
   It causes draining when unequipped.
 Q - a +2 buckler of cold resistance
Jewellery
 f - a +6 ring of protection (left hand)
 k - an uncursed ring of ice
 u - an uncursed ring of protection from magic
 F - a +3 ring of dexterity
 M - an amulet of faith (around neck)
 N - a +3 ring of slaying (right hand)
Magical devices
 t - a wand of teleportation (3)
 E - a wand of teleportation (5)
Scrolls
 e - 6 scrolls of identify
 h - 2 scrolls of enchant weapon
 i - a scroll of fear
 p - a scroll of noise
 r - a scroll of fog
 v - a scroll of blinking
 y - 2 scrolls of enchant armour
 A - 3 scrolls of teleportation
 D - 2 scrolls of amnesia
 G - 11 scrolls of remove curse
 H - 2 scrolls of recharging
Potions
 a - 2 potions of might
 d - 2 potions of haste
 m - 3 potions of cancellation
 n - 7 potions of curing
 q - 4 potions of flight
 w - 5 potions of lignification
 z - 2 potions of heal wounds
 B - a potion of brilliance
Books
 c - a book of Battle

   Spells                             Type                      Level
   a - Infusion                       Charms                       1
   b - Shroud of Golubria             Charms/Translocation         2
   c - Song of Slaying                Charms                       2
   d - Spectral Weapon                Hexes/Charms                 3
   e - Regeneration                   Charms/Necromancy            3
 j - a book of Enchantments

   Spells                             Type                      Level
   a - Cause Fear                     Hexes                        4
   b - Silence                        Hexes/Air                    5
   c - Deflect Missiles               Charms/Air                   6
   d - Haste                          Charms                       6
   e - Discord                        Hexes                        8
 O - a book of Flames

   Spells                             Type                      Level
   a - Flame Tongue                   Conjuration/Fire             1
   b - Throw Flame                    Conjuration/Fire             2
   c - Conjure Flame                  Conjuration/Fire             3
   d - Inner Flame                    Hexes/Fire                   3
   e - Sticky Flame                   Conjuration/Fire             4
   f - Fireball                       Conjuration/Fire             5
Miscellaneous
 x - a phantom mirror


   Skills:
 + Level 9.8 Fighting
 - Level 15.4 Short Blades
 - Level 0.7 Armour
 - Level 11.2 Dodging
 + Level 15.0 Stealth
 * Level 3.2 Shields
 - Level 2.0 Spellcasting
 - Level 5.4 Charms


You had 10 spell levels left.
You knew the following spells:

 Your Spells              Type           Power        Failure   Level  Hunger
a - Infusion              Chrm           ###...       1%          1    #......
b - Shroud of Golubria    Chrm/Tloc      ##........   12%         2    ###....
c - Regeneration          Chrm/Necr      ##........   21%         3    ###....


Dungeon Overview and Level Annotations

Branches:
Dungeon (13/15)            Temple (0/1) D:6            Lair (3/8) D:10
    Orc (4/4) D:12            Elf (0/3) Orc:4
  Swamp: Lair:3-6    Shoals: Lair:3-6     Snake: Lair:3-6    Spider: Lair:3-6
 Vaults: D:13-14

Altars:
Ashenzari
Cheibriados
Elyvilon
Kikubaaqudgha
Makhleb
Nemelex Xobeh
Okawaru
Qazlal
Ru
Trog
Vehumet
Xom
Yredelemnul
Zin
The Shining One
Beogh

Shops:
D:8 *   D:12 [(   Orc:2 %   Orc:4 ?%[[

Portals:
Trove: D:13 (show slimy rune of Zot)

Annotations:
D:3 Grinder


Innate Abilities, Weirdness & Mutations

You have razor-sharp teeth.
You have supernaturally acute eyesight.
You can survive without breathing.


Message History

It softly glows with a divine radiance!
You puncture the minotaur!
There is a sudden explosion of sparks!
The minotaur is moderately wounded.
The minotaur hits you but does no damage.
The minotaur gores you but does no damage.
You hit the minotaur but do no damage. Your bite misses the minotaur.
The minotaur is moderately wounded.
You hit the minotaur. You bite the minotaur.
The minotaur is heavily wounded.
The minotaur hits you with a short sword of holy wrath!!
You convulse!!
The minotaur gores you but does no damage.
You hit the minotaur but do no damage.
The minotaur is heavily wounded.
You hit the minotaur. Your bite misses the minotaur.
The minotaur is heavily wounded.
The minotaur hits you with a short sword of holy wrath!!!
* * * LOW HITPOINT WARNING * * *
You convulse!!
You die...

▓▓ ▓ . # ### .#
#. #.. 8 ###.##
####8. # ..#.
... ....#
#<#####.#.#.###
# .=
#.H@....#...#
.....8
#######.###. ##
## . #.#.#. .#.
# #.#.#.###
###. #.. .#
#... ###.# #
#.# #. . ###
### #.


You could see a minotaur.

Vanquished Creatures
  An orc warlord (Orc:4)
  The ghost of Borgoz the Fighter, a powerful MiFi of Makhleb (D:11)
  A hydra (Lair:3)
  Erolcha (D:13)
  4 skeletal warriors (D:12)
  An unseen horror (D:11)
  8 orc knights
  Pikel (D:5)
  4 hill giants
  An ugly thing (D:13)
  2 cyclopes
  2 orc sorcerers (Orc:4)
  3 slime creatures
  The ghost of Loris the Slicer, an experienced HEHu (D:6)
  2 centaur zombies
  A gargoyle (Lab)
  A black mamba (Lair:1)
  4 spiny frogs
  An efreet (D:13)
  2 trolls
  2 minotaur skeletons (Lab)
  2 two-headed ogres
  13 yaks
  3 hungry ghosts
  A wraith (D:12)
  A spriggan (D:7)
  Eustachio (D:4)
  3 hippogriffs
  5 wargs
  2 basilisks (Lair:2)
  3 vampire mosquitoes (D:12)
  A soldier ant (D:8)
  38 orc warriors
  2 eyes of draining
  2 slaves (D:5)
  2 black bears
  6 ice beasts
  5 water moccasins
  A necrophage (D:11)
  12 ogres
  7 centaurs
  2 big kobolds (D:9)
  2 crocodiles
  10 giant frogs
  A gnoll sergeant (D:8)
  4 scorpions
  3 killer bees (D:12)
  13 wights
  9 crimson imps
  A giant frog zombie (D:5)
  4 jellies
  12 orc priests
  Crazy Yiuf (D:5)
  3 giant frog skeletons
  A human zombie (Ossuary)
  Ijyb (D:2)
  6 hounds
  3 iguanas
  25 orc wizards
  9 worker ants
  9 sheep (Lair:1)
  A hound skeleton (D:7)
  2 mummies (Ossuary)
  A worker ant zombie (D:6)
  16 adders
  6 gnolls (D:8)
  16 river rats
  5 shadow imps
  An adder zombie (D:7)
  2 oozes
  2 adder skeletons
  2 worms
  3 giant geckos
  175 orcs
  3 giant cockroaches
  4 hobgoblins
  4 jackals
  4 quokkas
  2 ball pythons
  9 bats
  2 giant gecko skeletons (D:5)
  A giant newt (D:2)
  3 goblins
  3 goblin zombies (Ossuary)
  8 hobgoblin zombies (Ossuary)
  A jackal skeleton (D:9)
  A jackal zombie (Ossuary)
  10 kobolds
  9 kobold zombies (Ossuary)
  11 orc zombies (Ossuary)
  A quokka skeleton (D:9)
  7 rats
  4 rat zombies (Ossuary)
  A fungus (D:5)
593 creatures vanquished.

Vanquished Creatures (others)
  An orc (D:5)
1 creature vanquished.

Grand Total: 594 creatures vanquished

Notes
Turn   | Place    | Note
--------------------------------------------------------------
     0 | D:1      | HungrySpirit the Vampire Skald began the quest for the Orb.
     0 | D:1      | Reached XP level 1. HP: 16/16 MP: 3/3
   161 | D:1      | Reached XP level 2. HP: 22/22 MP: 5/5
   229 | D:1      | Reached skill level 1 in Stealth
   786 | D:1      | Reached XP level 3. HP: 24/27 MP: 6/6
   896 | D:2      | Found a shimmering altar of Xom.
   928 | D:2      | Reached XP level 4. HP: 33/33 MP: 7/7
   950 | D:2      | Noticed Ijyb
   953 | D:2      | Killed Ijyb
   953 | D:2      | Reached skill level 4 in Short Blades
  1489 | D:3      | Reached XP level 5. HP: 38/38 MP: 8/8
  1701 | D:3      | Noticed Grinder
  1892 | D:4      | Found a sand-covered staircase.
  1892 | D:4      | Noticed Eustachio
  1904 | D:4      | Killed Eustachio
  1904 | D:4      | Reached skill level 5 in Short Blades
  1904 | D:4      | Reached XP level 6. HP: 42/44 MP: 9/9
  1917 | Ossuary  | Entered an ossuary
  2247 | D:4      | Found an iron altar of Okawaru.
  2273 | D:4      | Found a sparkling altar of Nemelex Xobeh.
  2275 | D:4      | Became a worshipper of Warmaster Okawaru
  2366 | D:4      | Found a white marble altar of Elyvilon.
  2443 | D:4      | Reached skill level 5 in Stealth
  2497 | D:4      | Noticed a fire elemental
  2498 | D:4      | Found a stormy altar of Qazlal.
  2500 | D:4      | Noticed a water elemental
  2500 | D:4      | Noticed an air elemental
  2748 | D:5      | Entered Level 5 of the Dungeon
  2756 | D:5      | Found a radiant altar of Vehumet.
  2765 | D:5      | Got a silken robe
  2780 | D:4      | Identified the +4 robe of Apathy {MR+ Int+3} (You found it on level 5 of the Dungeon)
  2794 | D:4      | Reached skill level 13 in Short Blades
  2794 | D:4      | Reached XP level 7. HP: 49/49 MP: 10/10
  2798 | D:4      | Learned a level 2 spell: Shroud of Golubria
  2802 | D:4      | Learned a level 3 spell: Regeneration
  2805 | D:5      | Noticed Pikel
  2919 | D:5      | Killed Pikel
  2919 | D:5      | Acquired Okawaru's first power
  2919 | D:5      | Reached XP level 8. HP: 50/57 MP: 11/11
  2960 | D:5      | Found a bloodstained altar of Trog.
  3423 | D:5      | Noticed Crazy Yiuf
  3429 | D:5      | Killed Crazy Yiuf
  3490 | D:6      | Noticed Loris's ghost (experienced HEHu)
  3504 | D:6      | Killed Loris's ghost
  3504 | D:6      | Reached skill level 5 in Dodging
  3504 | D:6      | Reached XP level 9. HP: 58/65 MP: 8/12
  4016 | D:6      | Found a staircase to the Ecumenical Temple.
  4760 | D:7      | Found a sacrificial altar of Ru.
  4790 | D:7      | Reached skill level 5 in Fighting
  5124 | D:8      | Reached XP level 10. HP: 60/74 MP: 13/13
  5385 | D:8      | Found a basalt altar of Yredelemnul.
  5454 | D:8      | Got an ominously black robe
  5455 | D:8      | Identified the cursed +0 robe "Nekhuixt" {+Blink rCorr} (You found it on level 8 of the Dungeon)
  5557 | D:8      | Found Urhyty's General Store.
  5839 | D:9      | Found a shattered altar of Ashenzari.
  5898 | D:9      | Found a glowing golden altar of the Shining One.
  5996 | D:9      | Found a glowing silver altar of Zin.
  5998 | D:9      | Found a snail-covered altar of Cheibriados.
  6009 | D:9      | Found an ancient bone altar of Kikubaaqudgha.
  6225 | D:9      | Found a sacrificial altar of Ru.
  6449 | D:10     | Entered Level 10 of the Dungeon
  6503 | D:10     | Acquired Okawaru's second power
  6584 | D:10     | Reached skill level 10 in Stealth
  6711 | D:10     | Found a staircase to the Lair.
  6798 | D:10     | Noticed a hill giant
  6809 | D:10     | Killed a hill giant
  7006 | D:10     | You fall through a shaft for 3 floors!
  7097 | D:13     | Noticed Erolcha
  7099 | D:13     | Killed Erolcha
  7128 | D:13     | Reached XP level 11. HP: 83/83 MP: 14/14
  7238 | D:13     | Received a gift from Okawaru
  7295 | D:13     | Found a portal to a secret trove of treasure.
  7328 | D:12     | Found Vivvug's Weapon Boutique.
  7328 | D:12     | Found a staircase to the Orcish Mines.
  7328 | D:12     | Noticed an orc knight
  7445 | D:13     | Reached skill level 14 in Short Blades
  7462 | D:12     | Noticed a skeletal warrior
  7462 | D:12     | Noticed a skeletal warrior
  7462 | D:12     | Noticed a skeletal warrior
  7462 | D:12     | Noticed a skeletal warrior
  7662 | D:12     | Found Pooga's Armour Boutique.
  7671 | D:12     | Noticed a hill giant
  7839 | D:12     | Bought a +0 helmet for 81 gold pieces
  8040 | D:12     | Killed a skeletal warrior
  8100 | D:12     | Killed a skeletal warrior
  8113 | D:12     | Killed a skeletal warrior
  8123 | D:12     | Killed a skeletal warrior
  8247 | D:12     | Noticed a cyclops
  8285 | D:12     | Killed a cyclops
  8532 | D:11     | Received a gift from Okawaru
  8549 | D:11     | Got a scorched cloak {god gift}
  8550 | D:11     | Identified the +2 cloak of the Lost Path {*Drain rN++ rCorr} (Okawaru gifted it to you on level 11 of the Dungeon)
  8769 | D:11     | Noticed an unseen horror
  8784 | D:11     | Killed an unseen horror
  8911 | D:11     | Noticed Borgoz's ghost (powerful MiFi)
  8934 | D:11     | Killed Borgoz's ghost
  8934 | D:11     | Reached XP level 12. HP: 28/92 MP: 15/15
  9007 | D:11     | Noticed a hill giant
  9318 | D:11     | Noticed a hill giant
  9328 | D:11     | Killed a hill giant
  9353 | D:11     | Killed a hill giant
  9528 | D:12     | Killed an orc knight
  9666 | D:12     | Killed a hill giant
  9666 | D:12     | Reached skill level 10 in Dodging
 10080 | D:13     | Noticed a cyan ugly thing
 10108 | D:13     | Killed a cyan ugly thing
 10135 | D:13     | Noticed a five-headed hydra
 10137 | D:13     | Noticed a tengu warrior
 10172 | D:13     | Noticed an unseen horror
 10175 | D:13     | Noticed a harpy
 10459 | D:13     | Reached skill level 15 in Short Blades
 10500 | Orc:1    | Entered Level 1 of the Orcish Mines
 10649 | Orc:1    | Found a burning altar of Makhleb.
 11285 | Orc:2    | Found a bloodstained altar of Trog.
 11438 | Orc:2    | Found Qaohaghi's Food Boutique.
 11959 | Orc:4    | Entered Level 4 of the Orcish Mines
 11965 | Orc:4    | Found a staircase to the Elven Halls.
 12022 | Orc:4    | Received a gift from Okawaru
 12152 | Orc:4    | Noticed an orc warlord
 12441 | Orc:4    | Killed an orc warlord
 12693 | Orc:4    | Reached skill level 5 in Charms
 12709 | Orc:4    | Found Tein's Antique Armour Boutique.
 12934 | Orc:4    | Received a gift from Okawaru
 13317 | Orc:4    | Reached XP level 13. HP: 87/101 MP: 16/16
 13380 | Orc:4    | Found Aciryz's Magic Scroll Boutique.
 13380 | Orc:4    | Found Kuopouku's Food Emporium.
 13920 | Orc:4    | Bought a scroll of acquirement for 572 gold pieces
 13920 | Orc:4    | Bought a scroll of teleportation for 33 gold pieces
 13929 | Orc:4    | Found a roughly hewn altar of Beogh.
 14123 | Orc:4    | Found Zalirghonn's Antique Armour Emporium.
 14137 | Orc:4    | Bought a pair of warped gloves for 370 gold pieces
 14137 | Orc:4    | Bought a glowing buckler for 175 gold pieces
 14137 | Orc:4    | Bought a glowing buckler for 175 gold pieces
 14181 | Orc:4    | Bought 3 scrolls of identify for 66 gold pieces
 14181 | Orc:4    | Bought 3 scrolls of identify for 66 gold pieces
 14181 | Orc:4    | Bought a scroll of identify for 22 gold pieces
 14181 | Orc:4    | Identified the +2 pair of gloves "Zovin" {-Cast rElec rF+ Dex+3} (You bought it in a shop on level 4 of the Orcish Mines)
 14667 | Lair:1   | Entered Level 1 of the Lair of Beasts
 14688 | Lair:1   | Reached skill level 1 in Shields
 15547 | Lair:2   | Found a bloodstained altar of Trog.
 15894 | Lair:3   | Found a labyrinth entrance.
 15907 | Lair:3   | Reached skill level 15 in Stealth
 15916 | Lab      | Entered a labyrinth
 16704 | Lab      | Received a gift from Okawaru
 16967 | Lab      | Slain by a minotaur

Vault maps used:
D:1:      dpeg_arrival_water_temple_mockup
D:2:      xom_butterflies, uniq_iyjb
D:3:      hangedman_decor_growths, uniq_grinder
D:4:      nicolae_qazlal_style_of_elements, nemelex_deck,
          okawaru_ov_weapons_minmay, enter_ossuary_2, minmay_misc_feat_plants,
          elyvilon_altar_5, uniq_eustachio
D:5:      lightli_temple_of_fire, kennysheep_little_box, first_bread,
          uniq_crazy_yiuf_cottage, uniq_pikel
D:6:      minmay_temple_entry_statues_pillars
D:7:      nicolae_ru_the_path_less_chosen, the_bakery
D:8:      overflow_temple_1_default, serial_shops, shop, corexii_corridor_pit
D:9:      ashenzari_altar_1, lemuel_doored_altar,
          minmay_overflow_temple_star_quad, basic_altar
D:10:     lair_0_dummy, kennysheep_pointless_box
D:11:     lemuel_flame_loot_2
D:12:     orc_david_3, kennysheep_small_square
D:13:     evilmike_diamond_2, grunt_vaults_entry_tiered,
          nicolae_trove_entry_free_sample, uniq_frances, uniq_erolcha
Lair:2:   basic_altar, patterned_corridor
Lair:3:   nicolae_spider_entry_orb_guardian, lab_entry_generic, uniq_maud
Orc:1:    bloody_makhleb
Orc:2:    basic_altar, serial_shops,
          nicolae_shop_temple_entry_statues_fountains, uniq_nergalle
Orc:3:    nicolae_orc_pool_cavern
Orc:4:    st_orc_town
Lab:      lab_fountain, labyrinth_skeletal_remains, nicolae_lab_diamond,
          nicolae_lab_x, nicolae_lab_hexagon,
          labyrinth_baited_teleportation_trap
Ossuary:  ossuary_tomb_1

Action                   |  1- 3 |  4- 6 |  7- 9 | 10-12 | 13-15 || total
-------------------------+-------+-------+-------+-------+-------++-------
Melee: Short sword       |    69 |   146 |   185 |   233 |       ||   633
       Rapier            |       |       |       |   820 |   287 ||  1107
 Cast: Infusion          |       |       |     1 |       |       ||     1
Invok: Heroism           |       |       |       |     7 |     2 ||     9
Evoke: Wand              |       |       |     4 |       |       ||     4
  Use: Potion            |       |     2 |     1 |     5 |       ||     8
       Scroll            |       |     5 |    20 |     8 |     6 ||    39
 Stab: Sleeping          |     4 |     7 |    30 |    46 |    21 ||   108
       Distracted        |       |     1 |     1 |     5 |     4 ||    11
       Invisible         |       |       |       |    14 |       ||    14
  Eat: Corpse            |    10 |     7 |    11 |    46 |    15 ||    89
